| TOP OF THE 1ST |
|
Batavia Clippers batting - Pitching for Geneva Red Legs : LHP Joaquin Torres
|
|
Pitching: LHP Joaquin Torres
|
|
|
Batting: SHB Rafael Villaman
|
0-0: Ball 1-0: Foul Ball, location: 2F 1-1: Ball 2-1: Fly out, F8 (Flyball, 8RXD, EV 92.5 MPH)
|
|
Batting: LHB Mark Bingham
|
0-0: Ball 1-0: Ball 2-0: Foul Ball, location: 2F 2-1: Swinging Strike 2-2: Ball 3-2: Foul Ball, location: 2F 3-2: Strikes out looking
|
|
Batting: RHB Mickey Brantley
|
0-0: Ball 1-0: SINGLE (Groundball, 56D, EV 106.9 MPH)
|
|
Pitching: RHP Mark King
|
|
|
Batting: RHB Glenn Carpenter
|
0-0: Ball Mickey Brantley steals 2nd base 1-0: Fly out, F9 (Line Drive, 9, EV 85.0 MPH)
|
| Top of the 1st over - 0 runs, 1 hit, 0 errors, 1 left on base; Batavia 0 - Geneva 0 |
| BOTTOM OF THE 1ST |
|
Geneva Red Legs batting - Pitching for Batavia Clippers : LHP Sidney van den Bulk
|
|
Pitching: LHP Sidney van den Bulk
|
|
|
Batting: RHB Bob Brower
|
0-0: Called Strike 0-1: Ball 1-1: Foul Ball, location: 2F 1-2: Strikes out swinging
|
|
Pitching: RHP Martin Sosa
|
|
|
Batting: RHB Ricky Velasquez
|
0-0: Foul Ball, location: 2F 0-1: Ball 1-1: Ball 2-1: Foul Ball, location: 2F 2-2: Ground out 6-3 (Groundball, 56, EV 93.8 MPH)
|
|
Batting: LHB Mike Kingery
|
0-0: Called Strike 0-1: Fly out, F8 (Flyball, 8RM, EV 81.3 MPH)
|
| Bottom of the 1st over - 0 runs, 0 hits, 0 errors, 0 left on base; Batavia 0 - Geneva 0 |
| TOP OF THE 2ND |
|
Batavia Clippers batting - Pitching for Geneva Red Legs : RHP Mark King
|
|
Batting: RHB Jerry Lomastro
|
0-0: Called Strike 0-1: Foul Ball, location: 2F 0-2: Ball 1-2: Ball 2-2: Fly out, F8 (Flyball, 8RD, EV 100.6 MPH)
|
|
Batting: LHB Mike Botkin
|
0-0: Called Strike 0-1: Ball 1-1: Foul Ball, location: 2F 1-2: Ground out 3-1 (Groundball, 34S, EV 81.3 MPH)
|
|
Batting: RHB Russ Stephans
|
0-0: Ball 1-0: Ball 2-0: Ball 3-0: Called Strike 3-1: Fly out, F8 (Flyball, 8RD, EV 83.1 MPH)
|
| Top of the 2nd over - 0 runs, 0 hits, 0 errors, 0 left on base; Batavia 0 - Geneva 0 |
| BOTTOM OF THE 2ND |
|
Geneva Red Legs batting - Pitching for Batavia Clippers : RHP Martin Sosa
|
|
Batting: RHB Robby Thompson
|
0-0: DOUBLE (Line Drive, 3D, EV 98.8 MPH)
|
|
Batting: LHB John Skorochocki
|
0-0: Ball 1-0: Foul Ball, location: 2F 1-1: Ball 2-1: Foul Ball, location: 2F 2-2: Fly out, F6 (Popup, 6MS, EV 76.3 MPH)
|
|
Batting: LHB Louis Sottile
|
0-0: Ball 1-0: Called Strike 1-1: Fly out, F9 (Flyball, 9, EV 73.8 MPH)
|
|
Batting: RHB Danny Reyes
|
0-0: Called Strike 0-1: Foul Ball, location: 2F 0-2: Foul Ball, location: 2F 0-2: Foul Ball, location: 2F 0-2: Foul Ball, location: 2F 0-2: Foul Ball, location: 2F 0-2: Ball 1-2: Fly out, F9 (Flyball, 9LS, EV 92.5 MPH)
|
| Bottom of the 2nd over - 0 runs, 1 hit, 0 errors, 1 left on base; Batavia 0 - Geneva 0 |
| TOP OF THE 3RD |
|
Batavia Clippers batting - Pitching for Geneva Red Legs : RHP Mark King
|
|
Batting: RHB Jorge Gonzalez
|
0-0: Foul Ball, location: 2F 0-1: Ball 1-1: Fly out, F5 (Popup, 5F, EV 65.0 MPH)
|
|
Batting: RHB Mark Kuecker
|
0-0: Ball 1-0: Swinging Strike 1-1: Ball 2-1: Called Strike 2-2: Foul Ball, location: 2F 2-2: Fly out, F9 (Line Drive, 9, EV 93.8 MPH)
|
|
Batting: SHB Rafael Villaman
|
0-0: Ball 1-0: Called Strike 1-1: Foul Ball, location: 2F 1-2: DOUBLE (Line Drive, 78D, EV 113.1 MPH)
|
|
Batting: LHB Mark Bingham
|
0-0: Called Strike 0-1: Ball 1-1: Ball 2-1: Ground out U3 (Groundball, 34, EV 98.1 MPH)
|
| Top of the 3rd over - 0 runs, 1 hit, 0 errors, 1 left on base; Batavia 0 - Geneva 0 |
| BOTTOM OF THE 3RD |
|
Geneva Red Legs batting - Pitching for Batavia Clippers : RHP Martin Sosa
|
|
Batting: RHB Bubba Holland
|
0-0: Ball 1-0: Ball 2-0: Foul Ball, location: 2F 2-1: Foul Ball, location: 2F 2-2: SOLO HOME RUN (Flyball, 9D, EV 98.8 MPH), Distance : 359 ft
|
|
Batting: LHB Juan Araujo
|
0-0: SINGLE (Groundball, 56S, EV 61.9 MPH) (infield hit)
|
|
Batting: RHB Bob Brower
|
0-0: Called Strike 0-1: Ball 1-1: Ball 2-1: SINGLE (Line Drive, 9LS, EV 100.0 MPH) Juan Araujo to second Runner from 2nd tries for 3rd, SAFE, no throw by RF
|
|
Batting: RHB Ricky Velasquez
|
0-0: Called Strike Bob Brower steals 2nd base (no throw) 0-1: Foul Ball, location: 2F 0-2: Ball 1-2: Foul Ball, location: 2F 1-2: Ball 2-2: Foul Ball, location: 2F 2-2: Foul Ball, location: 2F 2-2: Foul Ball, location: 2F 2-2: Ball 3-2: Foul Ball, location: 2F 3-2: Foul Ball, location: 2F 3-2: Base on Balls
|
|
Batting: LHB Mike Kingery
|
0-0: Ball 1-0: SINGLE (Groundball, 4S, EV 67.5 MPH) (infield hit) Juan Araujo scores Bob Brower to third Ricky Velasquez to second
|
|
Batting: RHB Robby Thompson
|
0-0: Ball 1-0: Called Strike 1-1: Swinging Strike 1-2: Strikes out swinging
|
|
Batting: LHB John Skorochocki
|
0-0: Grounds into double play, 4-6-3 (Groundball, 4, EV 110.0 MPH)
|
| Bottom of the 3rd over - 2 runs, 4 hits, 0 errors, 2 left on base; Batavia 0 - Geneva 2 |
| TOP OF THE 4TH |
|
Batavia Clippers batting - Pitching for Geneva Red Legs : RHP Mark King
|
|
Batting: RHB Mickey Brantley
|
0-0: Swinging Strike 0-1: Fly out, F6 (Popup, 6M, EV 53.8 MPH)
|
|
Batting: RHB Glenn Carpenter
|
0-0: Fly out, F7 (Line Drive, 78M, EV 87.5 MPH)
|
|
Batting: RHB Jerry Lomastro
|
0-0: Foul Ball, location: 2F 0-1: SINGLE (Groundball, 4S, EV 71.3 MPH) (infield hit)
|
|
Batting: LHB Mike Botkin
|
0-0: Called Strike 0-1: Ball 1-1: Ball 2-1: Ball 3-1: Base on Balls Jerry Lomastro to second
|
|
Batting: RHB Russ Stephans
|
0-0: Called Strike 0-1: DOUBLE (Groundball, 5L, EV 103.1 MPH) Jerry Lomastro scores Mike Botkin to third Runner from 3rd tries for Home, SAFE, throw by LF to home
|
|
Batting: RHB Jorge Gonzalez
|
0-0: Called Strike 0-1: Ball 1-1: Foul Ball, location: 2F 1-2: Foul Ball, location: 2F 1-2: Fly out, F8 (Flyball, 8LM, EV 86.9 MPH)
|
| Top of the 4th over - 2 runs, 2 hits, 0 errors, 1 left on base; Batavia 2 - Geneva 2 |
| BOTTOM OF THE 4TH |
|
Geneva Red Legs batting - Pitching for Batavia Clippers : RHP Martin Sosa
|
|
Batting: LHB Louis Sottile
|
0-0: Called Strike 0-1: Foul Ball, location: 2F 0-2: Foul Ball, location: 2F 0-2: Ball 1-2: Ball 2-2: Foul Ball, location: 2F 2-2: Ball 3-2: Base on Balls
|
|
Batting: RHB Danny Reyes
|
0-0: Ball 1-0: Fly out, F8 (Line Drive, 8RD, EV 85.6 MPH)
|
|
Batting: RHB Bubba Holland
|
0-0: Called Strike 0-1: Swinging Strike 0-2: Grounds into double play, 4-6-3 (Groundball, 4M, EV 80.6 MPH)
|
| Bottom of the 4th over - 0 runs, 0 hits, 0 errors, 0 left on base; Batavia 2 - Geneva 2 |
| TOP OF THE 5TH |
|
Batavia Clippers batting - Pitching for Geneva Red Legs : RHP Mark King
|
|
Batting: RHB Mark Kuecker
|
0-0: Ball 1-0: Foul Ball, location: 2F 1-1: Ground out 5-3 (Groundball, 56, EV 98.8 MPH)
|
|
Batting: SHB Rafael Villaman
|
0-0: Called Strike 0-1: Swinging Strike 0-2: Ball 1-2: Strikes out looking
|
|
Batting: LHB Mark Bingham
|
0-0: Called Strike 0-1: Ball 1-1: Ball 2-1: Swinging Strike 2-2: Ball 3-2: Base on Balls
|
|
Batting: RHB Mickey Brantley
|
0-0: Ball 1-0: Fly out, F8 (Flyball, 78D, EV 85.0 MPH)
|
| Top of the 5th over - 0 runs, 0 hits, 0 errors, 1 left on base; Batavia 2 - Geneva 2 |
| BOTTOM OF THE 5TH |
|
Geneva Red Legs batting - Pitching for Batavia Clippers : RHP Martin Sosa
|
|
Batting: LHB Juan Araujo
|
0-0: Called Strike 0-1: Foul Ball, location: 2F 0-2: Ball 1-2: Foul Ball, location: 2F 1-2: Strikes out looking
|
|
Batting: RHB Bob Brower
|
0-0: Ball 1-0: Ball 2-0: Called Strike 2-1: Called Strike 2-2: Ball 3-2: Foul Ball, location: 2F 3-2: Foul Ball, location: 2F 3-2: Fly out, F3 (Popup, 3SF, EV 78.8 MPH)
|
|
Batting: RHB Ricky Velasquez
|
0-0: Ground out 6-3 (Groundball, 6, EV 100.0 MPH)
|
| Bottom of the 5th over - 0 runs, 0 hits, 0 errors, 0 left on base; Batavia 2 - Geneva 2 |
| TOP OF THE 6TH |
|
Batavia Clippers batting - Pitching for Geneva Red Legs : RHP Mark King
|
|
Batting: RHB Glenn Carpenter
|
0-0: Called Strike 0-1: Ground out U3 (Groundball, 34, EV 87.5 MPH)
|
|
Batting: RHB Jerry Lomastro
|
0-0: Ball 1-0: Called Strike 1-1: Ground out 5-3 (Groundball, 56, EV 107.5 MPH)
|
|
Pitching: RHP Robin Fuson
|
|
|
Batting: LHB Mike Botkin
|
0-0: Ground out 3-1 (Groundball, 23, EV 85.6 MPH)
|
| Top of the 6th over - 0 runs, 0 hits, 0 errors, 0 left on base; Batavia 2 - Geneva 2 |
| BOTTOM OF THE 6TH |
|
Geneva Red Legs batting - Pitching for Batavia Clippers : RHP Martin Sosa
|
|
Pitching: RHP Stephen Golden
|
|
|
Batting: LHB Mike Kingery
|
0-0: Ball 1-0: Ball 2-0: Swinging Strike 2-1: Foul Ball, location: 2F 2-2: Ball 3-2: Foul Ball, location: 2F 3-2: Base on Balls
|
|
Batting: RHB Robby Thompson
|
0-0: Ball 1-0: Foul Ball, location: 2F 1-1: Ball 2-1: SINGLE (Popup, 34D, EV 69.4 MPH) Mike Kingery to second
|
|
Batting: LHB John Skorochocki
|
0-0: Called Strike 0-1: Foul Ball, location: 2F 0-2: SINGLE (Groundball, 6M, EV 103.8 MPH) (infield hit) Mike Kingery to third Robby Thompson to second
|
|
Batting: LHB Louis Sottile
|
0-0: Ball 1-0: Ball 2-0: Ball 3-0: Base on Balls Mike Kingery scores Robby Thompson to third John Skorochocki to second
|
|
Batting: RHB Danny Reyes
|
0-0: Grounds into fielders choice 5-2 (Groundball, 5, EV 83.8 MPH) John Skorochocki to third Louis Sottile to second
|
|
Batting: RHB Bubba Holland
|
0-0: Ball 1-0: Swinging Strike 1-1: Fly out, F7 (Flyball, 7D, EV 89.4 MPH) Runner from 3rd tags up, SCORES, throw by LF Louis Sottile to third
|
|
Batting: LHB Juan Araujo
|
0-0: Ball 1-0: Fly out, F9 (Line Drive, 9, EV 87.5 MPH)
|
| Bottom of the 6th over - 2 runs, 2 hits, 0 errors, 2 left on base; Batavia 2 - Geneva 4 |
| TOP OF THE 7TH |
|
Batavia Clippers batting - Pitching for Geneva Red Legs : RHP Robin Fuson
|
|
Batting: RHB Russ Stephans
|
0-0: Called Strike 0-1: Ground out 6-3 (Groundball, 56D, EV 110.0 MPH)
|
|
Batting: RHB Jorge Gonzalez
|
0-0: Foul Ball, location: 2F 0-1: Ball 1-1: Fly out, F6 (Popup, 6, EV 73.1 MPH)
|
|
Batting: RHB Mark Kuecker
|
0-0: Ground out 1-3 (Groundball, 13S, EV 65.0 MPH)
|
| Top of the 7th over - 0 runs, 0 hits, 0 errors, 0 left on base; Batavia 2 - Geneva 4 |
| BOTTOM OF THE 7TH |
|
Geneva Red Legs batting - Pitching for Batavia Clippers : RHP Stephen Golden
|
|
Batting: RHB Bob Brower
|
0-0: Ball 1-0: Swinging Strike 1-1: Ball 2-1: Foul Ball, location: 2F 2-2: Strikes out swinging
|
|
Batting: RHB Ricky Velasquez
|
0-0: Called Strike 0-1: Ball 1-1: Ball 2-1: Ball 3-1: Ground out 4-3 (Groundball, 4S, EV 89.4 MPH)
|
|
Batting: LHB Mike Kingery
|
0-0: Called Strike 0-1: Foul Ball, location: 2F 0-2: Ball 1-2: Ball 2-2: Ball 3-2: Foul Ball, location: 2F 3-2: SINGLE (Line Drive, 56D, EV 101.3 MPH)
|
|
Pitching: RHP Gumercindo Diaz
|
|
|
Batting: RHB Robby Thompson
|
0-0: Called Strike 0-1: Ball 1-1: Ball 2-1: Called Strike 2-2: Strikes out looking
|
| Bottom of the 7th over - 0 runs, 1 hit, 0 errors, 1 left on base; Batavia 2 - Geneva 4 |
| TOP OF THE 8TH |
|
Batavia Clippers batting - Pitching for Geneva Red Legs : RHP Robin Fuson
|
|
Batting: SHB Rafael Villaman
|
0-0: Ball 1-0: Called Strike 1-1: Swinging Strike 1-2: Ground out 6-3 (Groundball, 6S, EV 70.6 MPH)
|
|
Batting: LHB Mark Bingham
|
0-0: Ball 1-0: Swinging Strike 1-1: Ball 2-1: Ball 3-1: Swinging Strike 3-2: Strikes out swinging
|
|
Batting: RHB Mickey Brantley
|
0-0: Ball 1-0: Ball 2-0: Foul Ball, location: 2F 2-1: Called Strike 2-2: SINGLE (Groundball, 6MD, EV 106.9 MPH)
|
|
Batting: RHB Glenn Carpenter
|
0-0: Called Strike 0-1: Swinging Strike 0-2: Ball 1-2: Strikes out swinging
|
| Top of the 8th over - 0 runs, 1 hit, 0 errors, 1 left on base; Batavia 2 - Geneva 4 |
| BOTTOM OF THE 8TH |
|
Geneva Red Legs batting - Pitching for Batavia Clippers : RHP Gumercindo Diaz
|
|
Batting: LHB John Skorochocki
|
0-0: Ball 1-0: Ball 2-0: Swinging Strike 2-1: Foul Ball, location: 2F 2-2: Ground out 1-3 (Groundball, 13S, EV 68.1 MPH)
|
|
Batting: LHB Louis Sottile
|
0-0: Ball 1-0: Reached on error, E1 (Groundball, 13S, EV 66.9 MPH)
|
|
Batting: RHB Danny Reyes
|
0-0: Ball 1-0: Ball Passed Ball! Louis Sottile to third 2-0: Ball 3-0: Base on Balls
|
|
Batting: RHB Bubba Holland
|
0-0: DOUBLE (Flyball, 8RXD, EV 93.1 MPH) Louis Sottile scores Danny Reyes to third Runner from 3rd tries for Home, SAFE, no throw by CF
|
|
Batting: LHB Juan Araujo
|
0-0: Called Strike 0-1: Ball 1-1: Ball 2-1: Ball 3-1: Foul Ball, location: 2F 3-2: Base on Balls
|
|
Batting: RHB Bob Brower
|
0-0: Foul Ball, location: 2F 0-1: Swinging Strike 0-2: Ground out 6-3 (Groundball, P, EV 81.9 MPH) Bubba Holland to third Juan Araujo to second
|
|
Batting: RHB Ricky Velasquez
|
0-0: Ball Wild Pitch! Bubba Holland scores Juan Araujo to third 1-0: Called Strike 1-1: Ball 2-1: Foul Ball, location: 2F 2-2: Ball 3-2: Foul Ball, location: 2F 3-2: SINGLE (Groundball, 4M, EV 86.3 MPH) (infield hit) Juan Araujo scores
|
|
Pitching: RHP Dick Lloyd
|
|
|
Batting: LHB Mike Kingery
|
0-0: Swinging Strike 0-1: Called Strike 0-2: Ball 1-2: Strikes out swinging
|
| Bottom of the 8th over - 4 runs, 2 hits, 1 error, 1 left on base; Batavia 2 - Geneva 8 |
| TOP OF THE 9TH |
|
Batavia Clippers batting - Pitching for Geneva Red Legs : RHP Robin Fuson
|
|
Batting: RHB Jerry Lomastro
|
0-0: Ball 1-0: Called Strike 1-1: Foul Ball, location: 2F 1-2: Ball 2-2: Strikes out swinging
|
|
Batting: LHB Mike Botkin
|
0-0: Fly out, F8 (Flyball, 89D, EV 90.6 MPH)
|
|
Batting: RHB Russ Stephans
|
0-0: Ball 1-0: Ball 2-0: Called Strike 2-1: Ball 3-1: Fly out, F9 (Flyball, 9, EV 98.1 MPH)
|
| Top of the 9th over - 0 runs, 0 hits, 0 errors, 0 left on base; Batavia 2 - Geneva 8 |
|